3AA
FT. POLK SOUTH THUNDER HAWKS @ SAN ANTONIO BC
07/13/2021
 
TOP OF THE 1ST
Ft. Polk South Thunder Hawks batting - Pitching for San Antonio BC : RHP Lester Sullivan
Pitching: RHP Lester Sullivan
Batting: RHB Jim Unknown 0-0: Called Strike
0-1: Ball
1-1: Foul Ball, location: 2F
1-2: Foul Ball, location: 2F
1-2: Foul Ball, location: 2F
1-2: Ball
2-2: Fly out, F9 (Flyball, 9LM)
Batting: RHB Steven Grant 0-0: Ball
1-0: Ball
2-0: Ball
3-0: Called Strike
3-1: Foul Ball, location: 2F
3-2: Strikes out swinging
Batting: RHB Héctor López 0-0: Called Strike
0-1: Foul Ball, location: 2F
0-2: Fly out, F7 (Flyball, 7LMF)
Top of the 1st over - 0 run(s), 0 hit(s), 0 error(s), 0 left on base; Ft. Polk South 0 - San Antonio 0
BOTTOM OF THE 1ST
San Antonio BC batting - Pitching for Ft. Polk South Thunder Hawks : LHP Joaquín Soto
Pitching: LHP Joaquín Soto
Batting: RHB José Muñóz 0-0: Foul Ball, location: 2F
0-1: Called Strike
0-2: Strikes out swinging
Batting: LHB António Rivera 0-0: Called Strike
0-1: Ball
1-1: Ball
2-1: Ball
3-1: SOLO HOME RUN (Line Drive, 9D), Distance : 358 ft
Batting: SHB Lionel Merlet 0-0: Ball
1-0: Called Strike
1-1: Fly out, F9 (Flyball, 89D)
Batting: RHB Ludovico Trezza 0-0: Ball
1-0: Called Strike
1-1: Ball
2-1: Ball
3-1: Foul Ball, location: 2F
3-2: Base on Balls
Batting: SHB Jim Unknown 0-0: Ball
Wild Pitch!
Ludovico Trezza to second
1-0: Foul Ball, location: 2F
1-1: Swinging Strike
1-2: Ball
Wild Pitch!
Ludovico Trezza to third
2-2: Strikes out swinging
Bottom of the 1st over - 1 run(s), 1 hit(s), 0 error(s), 1 left on base; Ft. Polk South 0 - San Antonio 1
TOP OF THE 2ND
Ft. Polk South Thunder Hawks batting - Pitching for San Antonio BC : RHP Lester Sullivan
Batting: SHB Ted Hansen 0-0: Called Strike
0-1: Called Strike
0-2: Ball
1-2: Foul Ball, location: 2F
1-2: SOLO HOME RUN (Flyball, 8RXD), Distance : 439 ft
Batting: RHB Alfredo González 0-0: Foul Ball, location: 2F
0-1: Fly out, F9 (Flyball, 9LS)
Batting: SHB Paul Wright 0-0: SINGLE (Flyball, 8RS)
Batting: RHB Clark Calhoun 0-0: Ball
1-0: Ball
2-0: Ball
3-0: Called Strike
3-1: Called Strike
3-2: Foul Ball, location: 2F
3-2: Foul Ball, location: 2F
3-2: Strikes out swinging
Batting: RHB Henry Weber 0-0: Ball
1-0: Fielders Choice at 2nd, 5-4 (Groundball, 56)
Top of the 2nd over - 1 run(s), 2 hit(s), 0 error(s), 0 left on base; Ft. Polk South 1 - San Antonio 1
BOTTOM OF THE 2ND
San Antonio BC batting - Pitching for Ft. Polk South Thunder Hawks : LHP Joaquín Soto
Batting: RHB Micah Miller 0-0: Ball
1-0: Called Strike
1-1: Ball
2-1: Foul Ball, location: 2F
2-2: Strikes out looking
Batting: RHB António Alvarado 0-0: Called Strike
0-1: Foul Ball, location: 2F
0-2: Foul Ball, location: 2F
0-2: Ball
1-2: Ball
2-2: Foul Ball, location: 2F
2-2: Foul Ball, location: 2F
2-2: Ground out 4-3 (Groundball, 4)
Batting: RHB Morton Kelly 0-0: Called Strike
0-1: Foul Ball, location: 2F
0-2: Fly out, F8 (Flyball, 8LM)
Bottom of the 2nd over - 0 run(s), 0 hit(s), 0 error(s), 0 left on base; Ft. Polk South 1 - San Antonio 1
TOP OF THE 3RD
Ft. Polk South Thunder Hawks batting - Pitching for San Antonio BC : RHP Lester Sullivan
Batting: RHB Tim Norris 0-0: Swinging Strike
0-1: Swinging Strike
0-2: Foul Ball, location: 2F
0-2: Strikes out swinging
Batting: RHB Jim Unknown 0-0: Fly out, F7 (Flyball, 7D)
Batting: RHB Steven Grant 0-0: Called Strike
0-1: Ground out 5-3 (Groundball, 56)
Top of the 3rd over - 0 run(s), 0 hit(s), 0 error(s), 0 left on base; Ft. Polk South 1 - San Antonio 1
BOTTOM OF THE 3RD
San Antonio BC batting - Pitching for Ft. Polk South Thunder Hawks : LHP Joaquín Soto
Batting: RHB Bobby Buck 0-0: Ball
1-0: Fly out, F4 (Popup, 4M)
Batting: RHB José Muñóz 0-0: Called Strike
0-1: Ball
1-1: Foul Ball, location: 2F
1-2: Ball
2-2: Strikes out swinging
Batting: LHB António Rivera 0-0: Called Strike
0-1: Ball
1-1: Ball
2-1: Ball
3-1: Fly out, F8 (Flyball, 8LM)
Bottom of the 3rd over - 0 run(s), 0 hit(s), 0 error(s), 0 left on base; Ft. Polk South 1 - San Antonio 1
TOP OF THE 4TH
Ft. Polk South Thunder Hawks batting - Pitching for San Antonio BC : RHP Lester Sullivan
Batting: RHB Héctor López 0-0: Ball
1-0: Ball
2-0: Foul Ball, location: 2F
2-1: Foul Ball, location: 2F
2-2: Strikes out looking
Batting: SHB Ted Hansen 0-0: Swinging Strike
0-1: Fly out, F9 (Flyball, 9D)
Batting: RHB Alfredo González 0-0: Called Strike
0-1: Foul Ball, location: 2F
0-2: Foul Ball, location: 2F
0-2: Ball
1-2: Ball
2-2: Strikes out swinging
Top of the 4th over - 0 run(s), 0 hit(s), 0 error(s), 0 left on base; Ft. Polk South 1 - San Antonio 1
BOTTOM OF THE 4TH
San Antonio BC batting - Pitching for Ft. Polk South Thunder Hawks : LHP Joaquín Soto
Batting: SHB Lionel Merlet 0-0: Ground out 4-3 (Groundball, 4M)
Batting: RHB Ludovico Trezza 0-0: Called Strike
0-1: Ball
1-1: Swinging Strike
1-2: Ball
2-2: Ball
3-2: Strikes out swinging
Batting: SHB Jim Unknown 0-0: Ball
1-0: Foul Ball, location: 2F
1-1: Ball
2-1: Fly out, F9 (Flyball, 89S)
Bottom of the 4th over - 0 run(s), 0 hit(s), 0 error(s), 0 left on base; Ft. Polk South 1 - San Antonio 1
TOP OF THE 5TH
Ft. Polk South Thunder Hawks batting - Pitching for San Antonio BC : RHP Lester Sullivan
Batting: SHB Paul Wright 0-0: Ball
1-0: Bunt for hit - play at first, batter OUT! 5-3
Batting: RHB Clark Calhoun 0-0: Ball
1-0: Ball
2-0: Ball
3-0: Foul Ball, location: 2F
3-1: Swinging Strike
3-2: Fly out, F9 (Flyball, 89D)
Batting: RHB Henry Weber 0-0: Foul Ball, location: 2F
0-1: Ball
1-1: Ground out 1-3 (Groundball, 15S)
Top of the 5th over - 0 run(s), 0 hit(s), 0 error(s), 0 left on base; Ft. Polk South 1 - San Antonio 1
BOTTOM OF THE 5TH
San Antonio BC batting - Pitching for Ft. Polk South Thunder Hawks : LHP Joaquín Soto
Batting: RHB Micah Miller 0-0: Called Strike
0-1: Ball
1-1: Ball
2-1: Ball
3-1: Base on Balls
Batting: RHB António Alvarado 0-0: Bunted foul
0-1: Called Strike
0-2: Ball
1-2: Ball
2-2: Ball
Wild Pitch!
Micah Miller to second
3-2: Foul Ball, location: 2F
3-2: Foul Ball, location: 2F
3-2: Ground out 6-3 (Groundball, 6)
Micah Miller to third
Batting: RHB Morton Kelly 0-0: Ball
1-0: Ball
2-0: Called Strike
2-1: Foul Ball, location: 2F
2-2: Fly out, F9 (Flyball, 89M)
Runner from 3rd tags up, SCORES, throw made
Batting: RHB Bobby Buck 0-0: Ball
1-0: Swinging Strike
1-1: Foul Ball, location: 2F
1-2: Strikes out swinging
Bottom of the 5th over - 1 run(s), 0 hit(s), 0 error(s), 0 left on base; Ft. Polk South 1 - San Antonio 2
TOP OF THE 6TH
Ft. Polk South Thunder Hawks batting - Pitching for San Antonio BC : RHP Lester Sullivan
Batting: RHB Tim Norris 0-0: Ball
1-0: Foul Ball, location: 2F
1-1: Foul Ball, location: 2F
1-2: Fly out, F8 (Flyball, 8LM)
Batting: RHB Jim Unknown 0-0: Foul Ball, location: 2F
0-1: Swinging Strike
0-2: Ball
1-2: Ball
2-2: Foul Ball, location: 2F
2-2: Ball
3-2: Base on Balls
Batting: RHB Steven Grant 0-0: DOUBLE (Line Drive, 9LM)
Jim Unknown to third
Batting: RHB Héctor López 0-0: Ball
1-0: Foul Ball, location: 2F
1-1: Foul Ball, location: 2F
1-2: Strikes out looking
Batting: SHB Ted Hansen 0-0: Ball
1-0: Ball
2-0: Ball
3-0: Called Strike
3-1: Foul Ball, location: 2F
3-2: Ground out 3-1 (Groundball, 34)
Top of the 6th over - 0 run(s), 1 hit(s), 0 error(s), 2 left on base; Ft. Polk South 1 - San Antonio 2
BOTTOM OF THE 6TH
San Antonio BC batting - Pitching for Ft. Polk South Thunder Hawks : LHP Joaquín Soto
Batting: RHB José Muñóz 0-0: Bunted foul
0-1: Swinging Strike
0-2: Ball
1-2: Foul Ball, location: 2F
1-2: Ball
2-2: Strikes out swinging
Batting: LHB António Rivera 0-0: Called Strike
0-1: Swinging Strike
0-2: Foul Ball, location: 2F
0-2: Foul Ball, location: 2F
0-2: Hit by Pitch
Pitching: RHP Júlio Palácios
Batting: SHB Lionel Merlet 0-0: Ball
António Rivera steals 2nd base
1-0: Called Strike
1-1: DOUBLE (Line Drive, 7LS)
António Rivera scores
Batting: RHB Ludovico Trezza 0-0: Intentional Walk
Batting: SHB Jim Unknown 0-0: Fly out, F8 (Flyball, 8RD)
Runner from 2nd tags up, SAFE at 3rd, no throw
Batting: RHB Micah Miller 0-0: Ball
1-0: Foul Ball, location: 2F
1-1: Fielders Choice at 2nd, U4 (Groundball, 4M)
Bottom of the 6th over - 1 run(s), 1 hit(s), 0 error(s), 2 left on base; Ft. Polk South 1 - San Antonio 3
TOP OF THE 7TH
Ft. Polk South Thunder Hawks batting - Pitching for San Antonio BC : RHP Lester Sullivan
Batting: RHB Alfredo González 0-0: Called Strike
0-1: Called Strike
0-2: Foul Ball, location: 2F
0-2: Strikes out looking
Batting: SHB Paul Wright 0-0: Ball
1-0: Foul Ball, location: 2F
1-1: Ball
2-1: Ground out U3 (Groundball, 3)
Batting: RHB Clark Calhoun 0-0: Called Strike
0-1: Ball
1-1: Foul Ball, location: 2F
1-2: Fly out, F8 (Flyball, 8LM)
Top of the 7th over - 0 run(s), 0 hit(s), 0 error(s), 0 left on base; Ft. Polk South 1 - San Antonio 3
BOTTOM OF THE 7TH
San Antonio BC batting - Pitching for Ft. Polk South Thunder Hawks : RHP Júlio Palácios
Batting: RHB António Alvarado 0-0: Ground out 6-3 (Groundball, 6M)
Batting: RHB Morton Kelly 0-0: Ball
1-0: Foul Ball, location: 2F
1-1: Foul Ball, location: 2F
1-2: Strikes out swinging
Batting: RHB Bobby Buck 0-0: Ball
1-0: Called Strike
1-1: Ball
2-1: Foul Ball, location: 2F
2-2: Ball
3-2: Strikes out swinging
Bottom of the 7th over - 0 run(s), 0 hit(s), 0 error(s), 0 left on base; Ft. Polk South 1 - San Antonio 3
TOP OF THE 8TH
Ft. Polk South Thunder Hawks batting - Pitching for San Antonio BC : RHP Lester Sullivan
Batting: RHB Henry Weber 0-0: Ball
1-0: Ball
2-0: Ball
3-0: Called Strike
3-1: Base on Balls
Batting: RHB Tim Norris 0-0: Ball
1-0: Ball
2-0: Ball
3-0: Called Strike
3-1: Fly out, F3 (Popup, 3F)
Batting: RHB Jim Unknown 0-0: Called Strike
0-1: Ball
1-1: Swinging Strike
1-2: Foul Ball, location: 2F
1-2: Foul Ball, location: 2F
1-2: Ball
2-2: Grounds into double play, 6-4-3 (Groundball, 6M)
Top of the 8th over - 0 run(s), 0 hit(s), 0 error(s), 0 left on base; Ft. Polk South 1 - San Antonio 3
BOTTOM OF THE 8TH
San Antonio BC batting - Pitching for Ft. Polk South Thunder Hawks : RHP Júlio Palácios
Batting: RHB José Muñóz 0-0: Ball
1-0: TRIPLE (Groundball, 5L)
Batting: LHB António Rivera 0-0: Intentional Walk
Batting: SHB Lionel Merlet 0-0: Ball
1-0: Ball
2-0: 3-RUN HOME RUN (Flyball, 9LD), Distance : 343 ft
Pitching: RHP Dean Hill
Batting: RHB Ludovico Trezza 0-0: Swinging Strike
0-1: Ball
1-1: Ball
2-1: Called Strike
2-2: Ball
3-2: Strikes out swinging
Batting: SHB Jim Unknown 0-0: Fly out, F3 (Popup, 3S)
Batting: RHB Micah Miller 0-0: Ball
1-0: Fly out, F9 (Flyball, 89D)
Bottom of the 8th over - 3 run(s), 2 hit(s), 0 error(s), 0 left on base; Ft. Polk South 1 - San Antonio 6
TOP OF THE 9TH
Ft. Polk South Thunder Hawks batting - Pitching for San Antonio BC : RHP Lester Sullivan
Batting: RHB Steven Grant 0-0: Called Strike
0-1: Foul Ball, location: 2F
0-2: Ball
1-2: Strikes out swinging
Batting: RHB Héctor López 0-0: Called Strike
0-1: Ball
1-1: Foul Ball, location: 2F
1-2: Strikes out looking
Batting: SHB Ted Hansen 0-0: Ball
1-0: Called Strike
1-1: Fly out, F5 (Popup, 25F)
Top of the 9th over - 0 run(s), 0 hit(s), 0 error(s), 0 left on base; Ft. Polk South 1 - San Antonio 6
This league is powered by Out of the Park Baseball, the baseball management simulation game for PC, Mac and Linux
Friday, January 22nd, 2016 - OOTP Baseball 16.9 Build 39